 Seeded DCSS version 0.28.0-62-gf88900778d (webtiles) character file.

Game seed: 10094184104184847779 (custom seed)

5665 cbfl8 the Cleaver (level 10, -2/86 HPs)
             Began as a Minotaur Fighter on July 8, 2023.
             Slain by an orc warrior
             ... wielding a +0 war axe
              (5 damage)
             ... in a bailey.
             The game lasted 00:12:34 (10905 turns).

cbfl8 the Cleaver (Minotaur Fighter)               Turns: 10905, Time: 00:12:35

Health: -2/86      AC: 10    Str: 21    XL:     10   Next: 47%
Magic:  3/3        EV:  9    Int:  5    God:
Gold:   1418       SH:  5    Dex: 14    Spells: 9/9 levels left

rFire   + . .      SeeInvis .   i - +1 war axe (antimagic)
rCold   x . .      Faith    .   c - +0 buckler
rNeg    + . .      Spirit   .   l - +0 chain mail
rPois   .          Reflect  .   (helmet restricted)
rElec   .          Harm     .   x - -3 cloak of Yghi {Rampage}
rCorr   .          Rampage  +   (no gloves)
Will    .....                   a - +0 pair of boots
Stlth   ..........              (no amulet)
HPRegen 0.24/turn               g - ring of positive energy
MPRegen 0.08/turn               u - ring of fire

@: no status effects
A: horns 2, retaliatory headbutt
a: no special abilities


You were in a bailey.
You visited 2 branches of the dungeon, and saw 9 of its levels.
You also visited: Bailey.

You collected 1418 gold pieces.

Inventory:

Hand Weapons
 i - a +1 antimagic war axe (weapon)
Missiles
 h - 5 javelins
 r - a throwing net
Armour
 a - a +0 pair of boots (worn)
 c - a +0 buckler (worn)
 l - a +0 chain mail (worn)
 x - the -3 cloak of Yghi (worn) {Rampage}
   (You found it on level 7 of the Dungeon)

   Rampage:   It bestows one free step when moving towards enemies.
Jewellery
 g - a ring of positive energy (left hand)
 n - a ring of ice
 u - a ring of fire (right hand)
Wands
 p - a wand of iceblast (2)
Scrolls
 b - a scroll of enchant armour
 d - a scroll of enchant weapon
 s - a scroll of teleportation
Potions
 e - 2 potions of attraction
 f - 3 potions of haste
 j - 2 potions of cancellation
 k - 3 potions of heal wounds {unknown}
 m - 2 potions of degeneration {unknown}
 o - 3 potions of ambrosia {unknown}
 q - 2 potions of invisibility {unknown}


   Skills:
 + Level 7.1 Fighting
 + Level 10.5 Axes
 * Level 6.0 Throwing
 + Level 8.7 Armour
 - Level 3.5 Dodging
 - Level 1.1 Stealth
 + Level 6.0 Shields
 * Level 5.3 Evocations


You had 9 spell levels left.
You didn't know any spells.
Your spell library contained the following spells:

 Spells                   Type           Power      Damage    Failure   Level
 Animate Dead             Necr           0%         N/A       100%        4
 Haunt                    Necr/Summ      0%         N/A       100%        7
 Infestation              Necr           0%         N/A       100%        8


Dungeon Overview and Level Annotations

Branches:
Dungeon (8/15)             Temple (1/1) D:6          Bailey (1/1)
   Lair: D:8-11

Altars:
Cheibriados
Dithmenos
Elyvilon
Fedhas
Gozag
Kikubaaqudgha
Makhleb
Nemelex Xobeh
Okawaru
Qazlal
Sif Muna
Trog
Vehumet
Wu Jian
Xom
Yredelemnul
Zin
The Shining One

Shops:
D:6 (

Annotations:
D:2 1 runed translucent door, Crazy Yiuf


Innate Abilities, Weirdness & Mutations

You have a pair of horns on your head.
You reflexively headbutt those who attack you in melee.


Message History

There is an open door here.
Things that are here:
a +0 hand axe; a +0 leather armour; a goblin corpse
Aiming: Corrosive Bolt
Press: ? - help, Q - select action, (/) - cycle Shift-Dir - straight line, f - orc warrior
Aim: an orc warrior, wielding a +0 war axe and wearing a +0 scale mail (67% to hit)
The bolt of acid hits the hobgoblin!!
The acid corrodes the hobgoblin!
You kill the hobgoblin!
The bolt of acid hits the orc warrior!!
The acid corrodes the orc warrior!
You kill the orc warrior!
The bolt of acid hits the orc warrior!
The acid corrodes the orc warrior!
The orc warrior is moderately wounded.
Aiming: Corrosive Bolt
Press: ? - help, Q - select action, (/) - cycle Shift-Dir - straight line, p - orc warrior The bolt of acid misses the orc warrior.
The bolt of acid hits the orc warrior!
The orc warrior seems to be corroded for longer.
The orc warrior is severely wounded.
Aiming: Corrosive Bolt
Press: ? - help, Q - select action, (/) - cycle Shift-Dir - straight line The bolt of acid hits the orc warrior!!
The orc warrior seems to be corroded for longer.
You kill the orc warrior!
The orc warrior barely misses you.
Your Throwing skill increases to level 6!
Your Shields skill increases to level 6!
Aiming: Corrosive Bolt
Press: ? - help, Q - select action, (/) - cycle Shift-Dir - straight line The bolt of acid misses the orc warrior.
The now-empty wand crumbles to dust.
The orc warrior hits you with a +0 war axe!
* * * LOW HITPOINT WARNING * * *
You hit the orc warrior but do no damage.
You headbutt the orc warrior.
The orc warrior is severely wounded.
The orc warrior hits you with a +0 war axe!
* * * LOW HITPOINT WARNING * * *
It was a potion of cancellation.
You feel magically purged.
The orc warrior hits you with a +0 war axe.
You die...

..##88.8 ##.........##
...###+ #.....⌠.....#
..# ##.........## ..#
#.........# .##
##.......## .#
#...))).# ## ##..)).##
# ####)## ## ##..o@.##
.# #.......# .##
##.......## ..#
#.........# ..##
##.........##
...#######.....⌠.....#
..##.....##.........##
..#.......#.........#
)##.......##.)))...##


You could see an orc warrior.

Vanquished Creatures
  Pikel (D:3)
  Joseph (D:7)
  6 yaks
  4 vampire mosquitoes (D:8)
  Menkaure (D:7)
  2 water moccasins
  8 orc warriors (Bailey)
  3 sky beasts
  3 black bears
  3 ice beasts
  2 ogres
  4 centaurs
  A phantom (D:6)
  2 lemures (D:3)
  A water moccasin zombie (D:6)
  2 wyvern skeletons (D:7)
  3 wights (D:7)
  A howler monkey (D:7)
  A bullfrog zombie (D:5)
  A centaur zombie (D:6)
  A hound (D:5)
  A jelly (D:6)
  2 centaur skeletons
  An orc priest (D:5)
  A gnoll shaman (D:7)
  A bullfrog skeleton (D:4)
  2 iguanas (D:4)
  13 gnolls
  A howler monkey skeleton (D:4)
  16 adders
  A shadow imp (D:6)
  3 adder skeletons (D:4)
  2 dart slugs
  26 orcs
  6 ball pythons
  10 bats
  5 endoplasms
  4 giant cockroaches
  10 goblins
  22 hobgoblins
  4 quokkas
  4 frilled lizards
  11 kobolds
  6 rats
203 creatures vanquished.

Notes
Turn   | Place    | Note
-------+----------+-------------------------------------------
     0 | D:1      | cbfl8 the Minotaur Fighter began the quest for the Orb.
     0 | D:1      | Reached XP level 1. HP: 19/19 MP: 0/0
   332 | D:1      | Reached XP level 2. HP: 27/27 MP: 1/1
  1106 | D:2      | Reached XP level 3. HP: 33/33 MP: 2/2
  1107 | D:2      | Reached skill level 1 in Dodging
  1114 | D:2      | Found a faded altar of an unknown god.
  1127 | D:2      | Reached skill level 3 in Axes
  1194 | D:2      | Reached skill level 1 in Throwing
  1366 | D:2      | Reached skill level 1 in Evocations
  1372 | D:2      | Reached XP level 4. HP: 33/40 MP: 1/3
  1491 | D:2      | Found a runed translucent door.
  1492 | D:2      | Noticed Crazy Yiuf
  2096 | D:3      | Found a glowing silver altar of Zin.
  2166 | D:3      | Found a shadowy altar of Dithmenos.
  2577 | D:4      | Noticed an ogre
  2829 | D:4      | Reached XP level 5. HP: 41/46 MP: 1/4
  2898 | D:4      | Noticed Pikel
  2898 | D:4      | Noticed a lemure
  2898 | D:4      | Noticed a lemure
  2898 | D:4      | Noticed a lemure
  2902 | D:4      | Noticed a lemure
  2966 | D:3      | Identified a scroll of acquirement
  2966 | D:3      | Acquired 981 gold pieces
  3017 | D:4      | Noticed an ogre
  3092 | D:3      | Killed an ogre
  3093 | D:3      | Reached skill level 4 in Axes
  3332 | D:4      | Reached XP level 6. HP: 46/52 MP: 1/5
  3356 | D:5      | Entered Level 5 of the Dungeon
  3577 | D:5      | Reached skill level 5 in Axes
  3577 | D:5      | Reached skill level 5 in Armour
  3657 | D:5      | Found an iron altar of Okawaru.
  3657 | D:5      | Found a basalt altar of Yredelemnul.
  4022 | D:4      | Reached XP level 7. HP: 60/60 MP: 2/6
  4467 | D:3      | Killed Pikel
  4468 | D:3      | Reached skill level 5 in Fighting
  4468 | D:3      | Reached skill level 6 in Axes
  4468 | D:3      | Reached XP level 8. HP: 59/68 MP: 2/7
  5175 | D:4      | Found a glowing golden altar of the Shining One.
  5574 | D:6      | Found an opulent altar of Gozag.
  5756 | D:6      | Reached skill level 7 in Axes
  6213 | D:6      | Found a staircase to the Ecumenical Temple.
  6242 | Temple   | Entered the Ecumenical Temple
  6444 | D:6      | Found Tonax's Weapon Shoppe.
  6764 | D:5      | Reached skill level 5 in Shields
  7134 | D:6      | Reached XP level 9. HP: 74/74 MP: 2/8
  7624 | D:5      | Reached skill level 1 in Stealth
  7986 | D:6      | Reached skill level 8 in Axes
  8619 | D:7      | Reached skill level 5 in Throwing
  8895 | D:7      | Noticed Joseph
  8896 | D:7      | Noticed Menkaure
  8903 | D:7      | Killed Joseph
  8904 | D:7      | Reached skill level 9 in Axes
  8904 | D:7      | Killed Menkaure
  9308 | D:7      | Reached XP level 10. HP: 57/84 MP: 3/9
 10074 | D:7      | Identified the +0 chain mail of Hoitin {*Corrode Str+8}
 10085 | D:7      | Identified the -3 cloak of Yghi {Rampage}
 10127 | D:8      | Reached skill level 10 in Axes
 10137 | D:8      | Reached skill level 5 in Evocations
 10428 | D:8      | Found a flagged portal.
 10453 | Bailey   | Entered a bailey
 10904 | Bailey   | HP: 3/86 [orc warrior/+0 war axe (17)]
 10905 | Bailey   | Slain by an orc warrior

Illustrated notes

Levels and vault maps discovered:
D:1:      shiori_arrival_oz, layout_loops_ring
D:2:      layout_basic, chequers_ecumenical_altar_simple, minmay_between,
          uniq_crazy_yiuf_cottage
D:3:      layout_basic, mainiacjoe_overflow_alcove_1,
          mainiacjoe_overflow_tiny_flanked
D:4:      layout_basic, mainiacjoe_overflow_surrounded_room, uniq_pikel
D:5:      layout_rooms, mainiacjoe_overflow_divided_tiny,
          nicolae_fountain_basement
D:6:      layout_loops_ring, grunt_gozag_statues, minmay_temple_entry_crystal_x,
          serial_shops, nicolae_shop_crystal
D:7:      layout_cave_pools, serial_rivers, chequers_serial_rivers_micro_b,
          chequers_serial_rivers_micro_e, chequers_serial_rivers_small_a,
          chequers_serial_rivers_room_a, chequers_serial_rivers_room_b,
          uniq_menkaure, uniq_joseph
D:8:      minmay_the_grid_triangle_9x9_recursive_2
          [minmay_the_grid_triangle_9x9_prize_center,
          minmay_the_grid_triangle_9x9_intruding_spiral,
          minmay_the_grid_triangle_9x9_swiss_cheese,
          minmay_the_grid_triangle_9x9_sprig], layout_loops_ring,
          nicolae_ru_great_annihilating_truth, enter_bailey_6
Temple:   nicolae_temple_hex_pool
Bailey:   bailey_axe_minmay_hex_keep, bailey

Skill      XL: |  1  2  3  4  5  6  7  8  9 10 |
---------------+-------------------------------+-----
Armour         | 4 5 7 8 |  8.7
Shields        | 4 5 6 |  6.0
Dodging        | 1 2 3 |  3.5
Axes           | 3 4 5 6 7 9 10 | 10.5
Throwing       | 1 2 3 4 5 6 |  6.0
Evocations     | 1 2 3 4 5 |  5.3
Fighting       | 4 5 6 7 |  7.1
Stealth        | 1 |  1.1

Action                   |  1- 3 |  4- 6 |  7- 9 | 10-12 || total
-------------------------+-------+-------+-------+-------++-------
Melee: War axe           |    81 |   129 |   223 |   112 ||   545
       Headbutt          |     4 |    19 |    54 |    27 ||   104
Evoke: Wand              |       |       |    10 |    11 ||    21
  Use: Scroll            |       |     2 |     5 |     2 ||     9
       Potion            |       |     1 |     4 |     2 ||     7
Armor: Scale mail        |    46 |    70 |    20 |       ||   136
       Chain mail        |       |       |    94 |    67 ||   161
Dodge: Dodged            |    44 |    58 |   125 |    56 ||   283
Block: Buckler           |    12 |    37 |    63 |    52 ||   164
